 Dungeon Crawl Stone Soup version 0.32-a0-931-g5a2cda0630 (webtiles) character file.

Game seed: 12052578845528079918

429 Biggs the Cutter (level 6, -6/30 HPs)
             Began as a Vine Stalker Brigand on Apr 13, 2024.
             Was an Initiate of Wu Jian.
             Mangled by Menkaure (8 damage)
             ... on level 5 of the Dungeon.
             The game lasted 00:06:57 (1306 turns).

Biggs the Cutter (Vine Stalker Brigand)             Turns: 1306, Time: 00:06:58

Health: -6/30      AC:  8    Str: 14    XL:     6   Next: 98%
Magic:  0/7        EV:  9    Int: 11    God:    Wu Jian [......]
Gold:   162        SH:  0    Dex: 17    Spells: 5/5 levels left

rFire   + . .        a - +2 dagger
rCold   . . .        (no shield)
rNeg    . . .        t - +0 ring mail
rPois   .            w - +0 helmet
rElec   .            c - +0 cloak
rCorr   +            m - +0 pair of gloves
SInv    .            (no boots)
Will    .....        (no amulet)
Stlth   ++           p - ring of protection from fire
HPRegen 1.05/turn    j - ring of resist corrosion
MPRegen 0.10/turn

%: guardian spirit
@: no status effects
A: fangs 2, regeneration 1, magic shield, antimagic bite, no potion heal 2
a: Renounce Religion


You were on level 5 of the Dungeon.
You worshipped Wu Jian.
Wu Jian was noncommittal.
You visited 1 branch of the dungeon, and saw 5 of its levels.

You collected 162 gold pieces.

Inventory:

Hand Weapons
 a - a +2 dagger (weapon)
 v - a +0 rapier
Missiles
 d - 11 poisoned darts (quivered)
 e - 3 curare-tipped darts
 x - a throwing net
Armour
 b - a +0 robe
 c - a +0 cloak (worn)
 m - a +0 pair of gloves (worn)
 t - a +0 ring mail (worn)
 w - a +0 helmet (worn)
Jewellery
 g - a ring of positive energy
 j - a ring of resist corrosion (right hand)
 p - a ring of protection from fire (left hand)
 q - a +6 ring of intelligence
Wands
 o - a wand of flame (25)
Scrolls
 f - 2 scrolls of revelation {unknown}
 l - a scroll of fog {unknown}
 n - a scroll of enchant weapon {unknown}
 s - a scroll of identify {unknown}
Potions
 h - 2 potions of enlightenment {unknown}
 i - a potion of haste {unknown}
 k - a potion of cancellation {unknown}
 r - 2 potions of mutation {unknown}
 u - a potion of attraction {unknown}


   Skills:
 - Level 1.7 Fighting
 + Level 6.6 Short Blades
 - Level 1.7 Throwing
 - Level 0.7 Dodging
 - Level 4.8 Stealth


You had 5 spell levels left.
You didn't know any spells.
Your spell library contained the following spells:

 Spells                   Type           Power      Damage    Failure   Level
 Magic Dart               Conj           0%         1d3       58%         1
 Searing Ray              Conj           0%         2d4       73%         2
 Fulminant Prism          Conj/Alch      0%         3d5       100%        4


Dungeon Overview and Level Annotations

Branches:
Dungeon (5/15)
 Temple: D:4-7

Altars:
Gozag
Wu Jian
The Shining One

Shops:
D:1 (

Annotations:
D:5 Menkaure


Innate Abilities, Weirdness & Mutations

You have extremely sharp teeth.
Your natural rate of healing is unusually fast.
When hurt, damage is shared between your health and your magic reserves.
Your bite disrupts and absorbs the magic of your enemies.
Potions cannot restore your health.


Message History

You hit the iguana. Your bite misses the iguana.
The iguana is almost dead.
Menkaure closely misses you. The iguana bites you!
* * * LOW HITPOINT WARNING * * *
Unknown command.
You barely miss the iguana. You bite the iguana.
You kill the iguana!
The Council accepts your kill. Menkaure hits you but does no damage.
Unknown command.
You hit Menkaure.
Menkaure is lightly damaged.
You barely miss Menkaure.
Menkaure is lightly damaged.
Menkaure hits you.
* * * LOW HITPOINT WARNING * * *
Unknown command.
You hit Menkaure. Your bite misses Menkaure.
Menkaure is lightly damaged.
You hit Menkaure. You bite Menkaure.
Menkaure's magic leaks into the air.
You drain his magic.
You feel invigorated.
Menkaure is heavily damaged.
Menkaure's magic is no longer disrupted.
Menkaure barely misses you.
You hit Menkaure but do no damage. You bite Menkaure, but do no damage.
Menkaure is heavily damaged.
You barely miss Menkaure. You bite Menkaure. You drain his magic.
You feel invigorated.
Menkaure is heavily damaged.
Menkaure hits you!
* * * LOW HITPOINT WARNING * * *
Unknown command.
You hit Menkaure but do no damage. You bite Menkaure.
Menkaure's magic leaks into the air.
You drain his magic.
You feel invigorated.
Menkaure is severely damaged.
Unknown command.
You hit Menkaure.
Menkaure is almost destroyed.
Menkaure hits you!
You die...

###..............
.................
###..............
#..............
#########............
##≈.....≈##..........#
##.........##........##
##...........####...#.#
#.....†@......##..>##.#
........M......###.##.#
......###.......##....#
.....# ##......≈#....#
....# ##......#...†#
...# ##.....'....# ...
#.....'....# $.
#...).'.##.#
#......####...


You could see Menkaure (magic disrupted).

Vanquished Creatures
  A black bear (D:4)
  A scorpion (D:4)
  2 jellies (D:4)
  An orc priest (D:4)
  A sleepcap (D:4)
  2 iguanas (D:5)
  3 adders
  A white imp (D:5)
  A ribbon worm (D:4)
  10 orcs
  5 bats
  8 endoplasms
  3 giant cockroaches
  5 goblins
  5 hobgoblins
  6 jackals (D:1)
  A quokka (D:1)
  7 ball pythons
  5 frilled lizards
  6 kobolds
  3 rats
77 creatures vanquished.

Notes
Turn   | Place    | Note
-------+----------+-------------------------------------------
     0 | D:1      | Biggs the Vine Stalker Brigand began the quest for the Orb.
     0 | D:1      | Reached XP level 1. HP: 11/11 MP: 2/2
    44 | D:1      | Reached skill level 2 in Short Blades
    71 | D:1      | Reached XP level 2. HP: 15/15 MP: 3/3
   160 | D:1      | Found Hir Poath's Weapon Emporium.
   197 | D:1      | Reached skill level 3 in Short Blades
   244 | D:1      | Reached XP level 3. HP: 18/18 MP: 4/4
   412 | D:2      | Reached XP level 4. HP: 23/23 MP: 5/5
   560 | D:3      | Reached skill level 4 in Short Blades
   747 | D:3      | Found a glowing golden altar of the Shining One.
   781 | D:3      | Found an ornate altar of the Wu Jian Council.
   797 | D:3      | Became a worshipper of the Wu Jian Council
   852 | D:4      | Found an opulent altar of Gozag.
   889 | D:4      | Reached XP level 5. HP: 10/26 MP: 3/6
  1043 | D:4      | Reached skill level 5 in Short Blades
  1072 | D:4      | Reached XP level 6. HP: 28/30 MP: 7/7
  1184 | D:4      | Noticed a black bear
  1203 | D:4      | Killed a black bear
  1204 | D:4      | Reached skill level 6 in Short Blades
  1226 | D:5      | Entered Level 5 of the Dungeon
  1275 | D:5      | Noticed Menkaure
  1304 | D:5      | HP: 1/30 [Menkaure (11)]
  1306 | D:5      | Mangled by Menkaure

Illustrated notes

Levels and vault maps discovered:
D:1:      eino_arrival_water_star, layout_rooms, serial_shops,
          nicolae_shop_temple_entry_statues_fountains, minmay_pentomino_t2
D:2:      layout_loops_cross
D:3:      layout_rooms, tso_oasis_becter, nicolae_wu_jian_immortal_techniques,
          guppyfry_early_lair_pool
D:4:      layout_cave_pods, overflow_temple_1_default, minivault_11,
          grunt_ministairs_8
D:5:      layout_rooms, grunt_dithmenos_smoke, minmay_gold_behind_fungi,
          kennysheep_donut, hangedman_abyss_or_decor_passed, uniq_edmund,
          uniq_menkaure

Skill      XL: |  1  2  3  4  5  6 |
---------------+-------------------+-----
Short Blades   | 2 3 4 5 6 |  6.6
Fighting       | |  1.7
Throwing       | |  1.7
Dodging        | |  0.7
Stealth        | |  4.8

Action                     |  1- 3 |  4- 6 || total
---------------------------+-------+-------++-------
  Melee: Dagger            |   116 |   187 ||   303
         Bite              |    28 |    63 ||    91
Ability: Lunge             |       |     4 ||     4
   Stab: Sleeping          |     6 |     2 ||     8
 Armour: Robe              |    57 |    26 ||    83
         Ring mail         |       |    95 ||    95
  Dodge: Dodged            |    65 |    60 ||   125

Table legend: (Time is in decaauts)
 A = Elapsed time spent in this place.
 B = Non-inter-level travel time spent in this place.
 C = Inter-level travel time spent in this place.
 D = Time resting spent in this place.
 E = Time spent auto-exploring this place.
 F = Levels seen in this place.
 G = Mean time per level.
                   A        B        C        D        E       F      G
               +--------+--------+--------+--------+--------+-----+--------+
         Total |   1245 |   1228 |     17 |      0 |      0 |   5 |  249.0 |
       Dungeon |   1245 |   1228 |     17 |      0 |      0 |   5 |  249.0 |
               +--------+--------+--------+--------+--------+-----+--------+

Top non-repeatable levels by time:
     D:4: 351 daAuts
     D:3: 337 daAuts
     D:1: 328 daAuts
     D:2: 159 daAuts
     D:5: 69 daAuts
